AoeStats
← Beowulf

Arena

504139365Analyzed
3v3 RM · 28d ago on Sep 4, 2026· 19m 16s· 6 players
Game mode
Random Map
Map size
Normal (6 player)
Population
200
Speed
Normal
Resources
Standard
Victory
Conquest
Starting age
Dark Age
Ending age
Imperial Age
RankedLock teamsTeams togetherTeam positionsShared explorationLock speedFull tech treeHidden civsTurbo modeCheats
Victory
Defeat
🇲🇽 Cumans · Mexico
928
+13
🇲🇽 Britons · Mexico
892
+15
🇲🇽 Britons · Mexico
834
+18
🇨🇳 Franks · China
910
-17
🇨🇴 Khmer · Colombia
872
-15
🇺🇸 Huns · United States
833
-37
eltigre
11:56 Feudal Age
12:29 Double-Bit Axe
12:26 Horse Collar
17:30 Wheelbarrow
Beowulf
10:02 Feudal Age
8:18 Loom
14:03 Town Watch
15:29 Double-Bit Axe
20:34 Castle Age
879769327
10:52 Feudal Age
12:41 Double-Bit Axe
15:30 Castle Age
16:52 Bow Saw
17:39 Wheelbarrow
17:46 Gold Mining
Basicopata
12:30 Feudal Age
14:24 Fletching
14:35 Padded Archer Armor
14:39 Double-Bit Axe
Mau Snow
12:10 Feudal Age
13:01 Double-Bit Axe
principeazteka
11:38 Feudal Age
17:48 Castle Age
16:22 Loom
16:57 Horse Collar
17:04 Double-Bit Axe
18:30 Heavy Plow
Connection lost

Rejoining the realm…

Still unreachable

The connection could not be restored.

Session expired

The server has moved on; the page needs a fresh start.